 Dungeon Crawl Stone Soup version 0.31.0 (webtiles) character file.

Game seed: 17388661504371224143

172 qw the Shooter (level 5, -5/32 HPs)
             Began as a Gargoyle Hunter on Jan 19, 2024.
             Slain by Edmund
             ... wielding a +0 flail of protection
              (7 damage)
             ... on level 4 of the Dungeon.
             The game lasted 00:00:09 (2526 turns).

qw the Shooter (Gargoyle Hunter)                    Turns: 2526, Time: 00:00:09

Health: -5/32      AC:  9    Str: 13    XL:     5   Next: 52%
Magic:  5/5        EV: 10    Int: 14    God:
Gold:   212        SH:  0    Dex: 14    Spells: 4/4 levels left

rFire   . . .        a - +2 shortbow
rCold   . . .        (shield currently unavailable)
rNeg    + . .        i - +0 ring mail
rPois   inf          (no helmet)
rElec   +            (no cloak)
rCorr   .            (no gloves)
SInv    .            (no boots)
Will    .....        (no amulet)
Stlth   +            (no ring)
HPRegen 0.25/turn    (no ring)
MPRegen 0.09/turn

%: no passive effects
@: no status effects
A: sickness immunity, AC +4, negative energy resistance 1, electricity
resistance, torment resistance 1, petrification resistance, clever 1, MP-powered
wands
a: no special abilities


You were on level 4 of the Dungeon.
You visited 1 branch of the dungeon, and saw 5 of its levels.

You collected 212 gold pieces.


Innate Abilities, Weirdness & Mutations

You are immune to sickness and miasma.
Your stone body is resilient. (AC +4)
You are immune to poison.
You resist negative energy. (rN+)
You are resistant to electric shocks. (rElec)
You are resistant to unholy torment.
You are immune to petrification.
Your mind is acute. (Int +4, Str/Dex -1)
You expend magic power (3 MP) to strengthen your wands.


   Skills:
 + Level 3.0 Fighting
 - Level 6.2 Ranged Weapons
 - Level 1.0 Armour
 - Level 1.5 Dodging
 - Level 1.1 Stealth


You had 4 spell levels left.
You didn't know any spells.
Your spell library was empty.

Inventory:

Hand Weapons
 a - a +2 shortbow (weapon)
Armour
 i - a +0 ring mail (worn)
Potions
 c - a potion of mutation
 e - a potion of haste
 f - 3 potions of curing
 h - a potion of resistance
 j - a potion of cancellation {unknown}
 k - a potion of enlightenment {unknown}

Dungeon Overview and Level Annotations

Branches:
Dungeon (5/15)
 Temple: D:4-7

Altars:

Annotations:
D:4 Edmund


Message History

You shoot an arrow.
The arrow hits Edmund but does no damage.
Edmund completely misses you.
You shoot an arrow.
The arrow hits Edmund but does no damage.
Edmund hits you but does no damage.
You shoot an arrow. The arrow barely misses Edmund.
The arrow hits the orc.
The orc is heavily wounded.
Edmund hits you with a +0 flail of protection.
You shoot an arrow.
The arrow hits Edmund but does no damage.
Edmund hits you but does no damage.
You shoot an arrow. The arrow hits Edmund!
Edmund is lightly wounded.
Edmund hits you with a +0 flail of protection.
Edmund says, "People accused me of being a cutpurse!"
Edmund hits you with a +0 flail of protection!
You shoot an arrow.
The arrow hits Edmund but does no damage.
Edmund is lightly wounded.
Edmund hits you with a +0 flail of protection.
You shoot an arrow.
The arrow hits Edmund but does no damage.
Edmund is lightly wounded.
Edmund closely misses you.
You shoot an arrow.
The arrow hits Edmund but does no damage.
Edmund is lightly wounded.
Edmund barely misses you.
You shoot an arrow.
The arrow hits Edmund but does no damage.
Edmund is lightly wounded.
Edmund hits you with a +0 flail of protection.
You shoot an arrow.
The arrow hits Edmund but does no damage.
Edmund is lightly wounded.
Edmund hits you but does no damage.
Edmund hits you with a +0 flail of protection!
You die...
Edmund whines, "They better pay attention to me now!"

#.# #.##### #.....#
#####.#
...##.###########
##.##...........# ####
##.##...........# .....
..^.[...........##o.....
................@@oo....
...##.).........##oo....
...##...........# .....
....#...........# ....
...<#..(........# ...
...##....[......# ..
......##....##### .
########....# #....#


You could see Edmund and 5 orcs.

Vanquished Creatures
  A black bear (D:5)
  4 dart slugs
  An orc (D:4)
  6 endoplasms
  A giant cockroach (D:4)
  4 goblins
  11 hobgoblins
  2 quokkas (D:2)
  10 ball pythons
  5 bats
  8 frilled lizards
  7 kobolds
  7 rats
67 creatures vanquished.

Notes
Turn   | Place    | Note
-------+----------+-------------------------------------------
     0 | D:1      | qw the Gargoyle Hunter began the quest for the Orb.
     0 | D:1      | Reached XP level 1. HP: 12/12 MP: 1/1
     0 | D:1      | 0 ||| qw: Version: 0.3-a-132-g3d54051
     0 | D:1      | 0 ||| qw: Game counter: 200
     0 | D:1      | 0 ||| qw: Melee chars always use a shield: true
     0 | D:1      | 0 ||| qw: God list: Okawaru
     0 | D:1      | 0 ||| qw: Allow faded altars: false
     0 | D:1      | 0 ||| qw: Do Orc after clearing Dungeon:15 true
     0 | D:1      | 0 ||| qw: Do second Lair branch before Depths: true
     0 | D:1      | 0 ||| qw: Lair rune preference: random
     0 | D:1      | 0 ||| qw: Goals: Normal
     0 | D:1      | 0 ||| PLANNING D:1-11
    93 | D:1      | Reached XP level 2. HP: 17/17 MP: 2/2
   204 | D:1      | HP: 3/17 [hobgoblin (3)]
   507 | D:1      | Reached XP level 3. HP: 21/21 MP: 3/3
   560 | D:1      | Reached skill level 5 in Ranged Weapons
   703 | D:1      | 703 ||| UPGRADING to +0 ring mail.
   713 | D:1      | 713 ||| DROPPING +0 leather armour.
   714 | D:1      | 714 ||| READING scroll labelled IKKEXA EDUYLLA.
   715 | D:1      | 715 ||| READING 3 scrolls labelled ILADUEH QUNO.
   715 | D:1      | 715 ||| IDENTIFYING white potion
   716 | D:1      | 716 ||| READING 2 scrolls of identify.
   716 | D:1      | 716 ||| IDENTIFYING coppery potion
   717 | D:1      | 717 ||| READING scroll of identify.
   717 | D:1      | 717 ||| IDENTIFYING fuming ruby potion
   718 | D:1      | 718 ||| DROPPING scroll of butterflies.
   823 | D:2      | 823 ||| FLEEEEING.
   867 | D:2      | Reached skill level 1 in Armour
  1380 | D:2      | 1380 ||| DROPPING ring of magical power.
  1381 | D:2      | 1381 ||| READING scroll labelled INEUGE WENAPTIRGH.
  1382 | D:2      | 1382 ||| FLEEEEING.
  1385 | D:2      | 1385 ||| READING scroll labelled QUUNA XERYULEQAO.
  1386 | D:2      | 1386 ||| READING scroll labelled ICROED PIH.
  1386 | D:2      | 1386 ||| ENCHANTING +0 shortbow.
  1528 | D:3      | Reached XP level 4. HP: 27/27 MP: 4/4
  1560 | D:3      | Reached skill level 3 in Fighting
  2198 | D:3      | 2198 ||| READING scroll of identify.
  2198 | D:3      | 2198 ||| IDENTIFYING viscous clear potion
  2199 | D:3      | 2199 ||| READING scroll labelled YTHRAV BU KON.
  2200 | D:3      | 2200 ||| READING scroll labelled PEMUMIVVAOMI.
  2201 | D:3      | 2201 ||| READING scroll labelled YDGHEN FEROFELA.
  2201 | D:3      | 2201 ||| ENCHANTING +1 shortbow.
  2202 | D:3      | 2202 ||| DRINKING 2 orange potions.
  2202 | D:3      | Gained mutation: You expend magic power (3 MP) to
                  | strengthen your wands. [potion of mutation]
  2202 | D:3      | Gained mutation: Your mind is acute. (Int +4, Str/Dex -1)
                  | [potion of mutation]
  2203 | D:3      | 2203 ||| DROPPING potion of lignification.
  2261 | D:4      | You fall into a shaft and drop 1 floor!
  2261 | D:5      | Entered Level 5 of the Dungeon
  2265 | D:5      | Noticed a black bear
  2274 | D:5      | Killed a black bear
  2275 | D:5      | Reached skill level 6 in Ranged Weapons
  2275 | D:5      | Reached XP level 5. HP: 16/32 MP: 5/5
  2432 | D:5      | 2432 ||| READING scroll of enchant weapon.
  2432 | D:5      | 2432 ||| ENCHANTING +1 shortbow.
  2443 | D:5      | 2443 ||| FLEEEEING.
  2450 | D:5      | 2450 ||| STAIRDANCE
  2506 | D:4      | Noticed Edmund
  2521 | D:4      | HP: 6/32 [Edmund/+0 flail of protection (7)]
  2525 | D:4      | HP: 2/32 [Edmund/+0 flail of protection (4)]
  2526 | D:4      | Slain by Edmund

Levels and vault maps discovered:
D:1:      lemuel_arrival_river_bridge, layout_basic, minmay_misc_feat_encased
D:2:      layout_loops_ring, corexii_item_surrounded_by_moat
D:3:      layout_basic, serial_curves, eino_curves_02, eino_curves_01
D:4:      kennysheep_goblin_castle, layout_basic, uniq_edmund
D:5:      layout_basic, minmay_crystal_water

Skill      XL: |  1  2  3  4 |
---------------+-------------+-----
Ranged Weapons | 5 6 |  6.2
Armour         | 1 |  1.0
Fighting       | 3 |  3.0
Dodging        | |  1.5
Stealth        | |  1.1

Action                     |  1- 3 |  4- 6 || total
---------------------------+-------+-------++-------
   Fire: Shortbow          |   151 |    65 ||   216
    Use: Scroll            |     7 |     5 ||    12
         Potion            |       |     1 ||     1
 Armour: Leather armour    |    19 |       ||    19
         Ring mail         |    19 |    34 ||    53
  Dodge: Dodged            |    28 |    12 ||    40

Table legend:
 A = Non-vault XP
 B = Vault XP
 C = Vault XP percentage of total XP
 D = Non-vault monster count
 E = Vault monster count
 F = Vault count percentage of total count
                 A         B        C        D         E       F
            +---------+---------+-------+---------+---------+-------
      Total |     246 |       0 |   0.0 |      67 |       0 |   0.0
            +---------+---------+-------+---------+---------+-------
        D:1 |      41 |       0 |   0.0 |      26 |       0 |   0.0
        D:2 |      28 |       0 |   0.0 |      18 |       0 |   0.0
        D:3 |      32 |       0 |   0.0 |      17 |       0 |   0.0
        D:4 |       9 |       0 |   0.0 |       5 |       0 |   0.0
        D:5 |     136 |       0 |   0.0 |       1 |       0 |   0.0
            +---------+---------+-------+---------+---------+-------
